 Dungeon Crawl Stone Soup version 0.25.0-1-g7eea58d (webtiles) character file.

Game seed: 2392358542849451243

47 HeliumTrimp the Skirmisher (level 3, -4/24 HPs)
             Began as a Gargoyle Fighter on June 14, 2020.
             Slain by Sigmund
             ... wielding a +0 scythe
              (9 damage)
             ... on level 2 of the Dungeon.
             The game lasted 00:01:01 (1480 turns).

HeliumTrimp the Skirmisher (Gargoyle Fighter)       Turns: 1480, Time: 00:01:02

Health: -4/24      AC: 10    Str: 20    XL:     3   Next: 70%
Magic:  3/3        EV:  9    Int:  8    God:
Gold:   56         SH:  0    Dex:  9    Spells: 2/2 levels left

rFire    . . .     SeeInvis .   a - +0 flail
rCold    . . .     Gourm    .   (no shield)
rNeg     + . .     Faith    .   b - +0 scale mail
rPois    ∞         Spirit   .   (no helmet)
rElec    +         Reflect  .   (no cloak)
rCorr    .         Harm     .   (no gloves)
MR       .....                  (no boots)
Stlth    ..........             (no amulet)
HPRegen  0.08/turn              h - ring of attention (curse)
MPRegen  0.08/turn              (no ring)

@: mighty
A: negative energy resistance 1, electricity resistance, unbreathing,
petrification resistance, rot immunity, AC +3
a: no special abilities


You were on level 2 of the Dungeon.
You were not hungry.

You visited 1 branch of the dungeon, and saw 2 of its levels.

You collected 56 gold pieces.

Inventory:

Hand Weapons
 a - a +0 flail (weapon)
Armour
 b - a +0 scale mail (worn)
 c - a +0 kite shield
Jewellery
 h - a cursed ring of attention (left hand)
Scrolls
 g - 2 scrolls of amnesia {unknown}
 j - a scroll of random uselessness {unknown}
 k - a scroll of immolation {unknown}
 l - a scroll of identify {unknown}
 m - a scroll of teleportation {unknown}
Potions
 d - a potion of might
 e - a potion of stabbing {unknown}
 i - a potion of invisibility {unknown}
 n - a potion of heal wounds {unknown}
Comestibles
 f - 6 rations


   Skills:
 + Level 3.9 Fighting
 * Level 3.4 Maces & Flails
 - Level 3.2 Armour
 - Level 3.2 Shields


You had 2 spell levels left.
You didn't know any spells.
Your spell library was empty.

Dungeon Overview and Level Annotations

Branches:
Dungeon (2/15)

Altars:

Annotations:
D:2 Sigmund


Innate Abilities, Weirdness & Mutations

You are resistant to torment.
Your stone body is resilient. (AC +3)
You are immune to poison.
You resist negative energy. (rN+)
You are resistant to electric shocks. (rElec)
You can survive without breathing.
You are immune to petrification.
You are immune to rotting.


Message History

The bat closely misses you. Something hits you but does no damage.
You miss the bat. The bat hits you but does no damage. x2
You closely miss the bat. The bat hits you but does no damage. x2
Something hits you. The bat hits you but does no damage.
You barely miss the bat. The bat hits you but does no damage.
Something hits you.
You closely miss the bat. The bat hits you but does no damage. x2
Something hits you but does no damage.
You miss the bat. The bat hits you but does no damage. Something hits you.
You barely miss the bat. The bat closely misses you. The bat misses you.
You closely miss the bat. The bat hits you but does no damage.
Something hits you but does no damage. The bat hits you but does no damage.
You closely miss the bat. The bat hits you but does no damage.
Something hits you.
* * * LOW HITPOINT WARNING * * *
You bludgeon the bat!!
You kill the bat!
Something hits you but does no damage. Something hits you!
You die...

.# #.
############
#. ##
#...@{......
#.#..
#.####.....#
#... ######.#
....# #...
#......# ...[
#..###.######
...
#............#
..
#...##.#.#.#.#
. #...##......
#...##.#....


There were no monsters in sight!

Vanquished Creatures
  An adder (D:2)
  2 dart slugs
  8 bats
  4 goblins
  6 hobgoblins (D:1)
  6 kobolds
  2 frilled lizards (D:2)
  3 rats
32 creatures vanquished.

Notes
Turn   | Place    | Note
-------+----------+-------------------------------------------
     0 | D:1      | HeliumTrimp the Gargoyle Fighter began the quest for the
                  | Orb.
     0 | D:1      | Reached XP level 1. HP: 14/14 MP: 1/1
   144 | D:1      | Reached XP level 2. HP: 14/19 MP: 2/2
   762 | D:1      | Reached XP level 3. HP: 24/24 MP: 3/3
  1455 | D:2      | Noticed Sigmund
  1480 | D:2      | Slain by Sigmund

Illustrated notes

Levels and vault maps discovered:
D:1:      kennysheep_arrival_seaside, layout_basic
D:2:      wander_river, layout_basic, first_ration, uniq_sigmund,
          uniq_crazy_yiuf_cottage

Skill      XL: |  1  2 |
---------------+-------+-----
Maces & Flails | 3 |  3.4
Fighting       | |  3.9
Armour         | |  3.2
Shields        | |  3.2

Action                   || total
-------------------------++-------
Melee: Flail             ||   142
  Use: Potion            ||     1
  Eat: Chunk             ||     2
Armor: Scale mail        ||   127
Dodge: Dodged            ||   103
